 Dungeon Crawl Stone Soup version 0.25-a0-435-g4b9beb1024 (webtiles) character file.

Game seed: 15865955050774559159, levelgen mode: deterministic

1264 ReteAZ the Firebug (level 8, -1/45 HPs)
             Began as a Deep Elf Fire Elementalist on Jan 29, 2020.
             Was a Believer of Vehumet.
             Hit by a boomerang thrown by an orc warrior (16 damage)
             ... on level 6 of the Dungeon.
             The game lasted 00:16:07 (6571 turns).

ReteAZ the Firebug (Deep Elf Fire Elementalist)     Turns: 6571, Time: 00:16:07

Health: -1/45      AC:  3    Str:  6    XL:     8   Next: 27%
Magic:  13/19      EV: 15    Int: 22    God:    Vehumet [**....]
Gold:   147        SH:  0    Dex: 15    Spells: 14/19 levels left

rFire    . . .     SeeInvis .   j - +2 dagger (elec)
rCold    . . .     Gourm    .   (no shield)
rNeg     . . .     Faith    .   a - +0 robe
rPois    .         Spirit   .   (no helmet)
rElec    .         Reflect  .   e - scarf {repulsion}
rCorr    .         Harm     .   (no gloves)
MR       .....                  m - +0 pair of boots
Stlth    ++........             (no amulet)
HPRegen  0.15/turn              (no ring)
MPRegen  0.16/turn              (no ring)

@: repel missiles
A: no striking features
a: Renounce Religion


You were on level 6 of the Dungeon.
You worshipped Vehumet.
Vehumet was pleased with you.
You were hungry.

You visited 2 branches of the dungeon, and saw 7 of its levels.
You also visited: Ossuary.

You collected 301 gold pieces.
You spent 154 gold pieces at shops.

Inventory:

Hand Weapons
 j - a +2 dagger of electrocution (weapon)
Missiles
 b - 161 stones (quivered)
Armour
 a - a +0 robe (worn)
 e - a scarf of repulsion (worn)
 m - a +0 pair of boots (worn)
Magical Staves
 f - an uncursed staff of poison
Jewellery
 l - a cursed amulet of inaccuracy {unknown}
 x - a +3 ring of dexterity {unknown}
Wands
 s - a wand of clouds (6)
 y - a wand of polymorph (2)
 B - a wand of paralysis (8)
Scrolls
 h - 6 scrolls of enchant armour {unknown}
 i - 3 scrolls of remove curse
 k - 8 scrolls of identify
 n - a scroll of noise {unknown}
 r - 4 scrolls of amnesia {unknown}
 z - 2 scrolls of teleportation
 A - 2 scrolls of fear
Potions
 d - 2 potions of curing {unknown}
 g - a potion of cancellation {unknown}
 o - a potion of berserk rage {unknown}
 p - 2 potions of ambrosia {unknown}
 q - 2 potions of haste {unknown}
 t - 2 potions of flight
 u - 2 potions of brilliance {unknown}
 v - 2 potions of might {unknown}
 w - a potion of agility {unknown}
Comestibles
 c - 13 rations


   Skills:
 + Level 2.6 Fighting
 + Level 4.8 Dodging
 - Level 2.4 Stealth
 + Level 6.4 Spellcasting
 + Level 4.5 Conjurations
 * Level 7.5 Fire Magic


You had 14 spell levels left.
You knew the following spells:

 Your Spells              Type           Power        Failure   Level  Hunger
a - Foxfire               Conj/Fire      ####         1%          1    None
b - Sticky Flame          Conj/Fire      ####....     7%          4    ###....

Your spell library contained the following spells:

 Spells                   Type           Power        Failure   Level  Hunger
 Shock                    Conj/Air       ###.         3%          1    None
 Conjure Flame            Conj/Fire      ####....     2%          3    #......
 Inner Flame              Hex/Fire       ###.....     5%          3    #......
 Animate Skeleton         Necr           N/A          9%          1    None
 Pain                     Necr           #...         9%          1    None
 Fireball                 Conj/Fire      ####......   21%         5    #####..
 Vampiric Draining        Necr           #.........   26%         3    #......
 Animate Dead             Necr           N/A          65%         4    ###....
 Agony                    Necr           #.......     94%         5    #####..


Dungeon Overview and Level Annotations

Branches:
Dungeon (6/15)             Temple (1/1) D:4         Ossuary (visited)

Altars:
Ashenzari
Cheibriados
Dithmenos
Elyvilon
Fedhas
Gozag
Kikubaaqudgha
Makhleb
Nemelex Xobeh
Qazlal
Sif Muna
Trog
Vehumet
Wu Jian
Xom
Yredelemnul
The Shining One

Shops:
D:5 *?*!


Message History

The weapon returns to the orc warrior!
Casting: Foxfire (safe; 1% risk of failure)
Confirm with . or Enter, or press ? or * to list all spells.
You conjure some foxfire!
The foxfire hits the orc warrior.
The orc warrior is moderately wounded.
Casting: Foxfire (safe; 1% risk of failure)
Confirm with . or Enter, or press ? or * to list all spells.
You conjure some foxfire!
The foxfire hits the orc warrior but does no damage.
The orc warrior is moderately wounded.
The foxfire hits the orc warrior but does no damage.
The orc warrior is moderately wounded.
The foxfire hits the orc warrior but does no damage.
The orc warrior is moderately wounded.
The foxfire hits the orc warrior.
The orc warrior is moderately wounded.
The foxfire hits the orc warrior.
The orc warrior is heavily wounded.
The orc warrior throws a boomerang.
The boomerang hits you!
You die...

#...# # #...# #######
#...# #......
...#########.).###.#####
........................
..####.##########.#####
#.# #.##### . #.#
#...... .######@######
#####.# .|#...§.§....#
######'# #.#..§§§§§...#
#....... #.#..§§§§....#
#....... #.#..o)§.....#
#....... #.#..........#
#####... #............#
#.## ##...........# #.#
#.####+###### #.#


You could see an orc warrior.

Vanquished Creatures
  2 phantoms
  3 ogres
  A centaur (D:5)
  2 scorpions (D:4)
  2 centaur zombies
  2 jellies (D:5)
  An orc wizard (D:5)
  2 human zombies (Ossuary)
  Jessica (D:3)
  2 iguanas
  2 worker ants
  A big kobold zombie (Ossuary)
  2 mummies (Ossuary)
  Robin (D:3)
  4 gnolls (D:5)
  8 adders
  An ooze (D:1)
  An adder zombie (Ossuary)
  2 worms
  3 dart slugs
  A leopard gecko (D:3)
  12 orcs
  A ball python (D:6)
  10 bats
  4 giant cockroaches
  13 goblins
  10 hobgoblins
  9 jackals
  2 quokkas (D:2)
  5 frilled lizards
  7 hobgoblin zombies (Ossuary)
  A jackal skeleton (D:4)
  2 jackal zombies (Ossuary)
  14 kobolds
  9 kobold zombies (Ossuary)
  10 orc zombies (Ossuary)
  10 rats
  3 rat zombies (Ossuary)
  A spectral orc (D:3)
167 creatures vanquished.

Vanquished Creatures (others)
  499 foxfires
499 creatures vanquished.

Grand Total: 666 creatures vanquished

Notes
Turn   | Place    | Note
-------+----------+-------------------------------------------
     0 | D:1      | ReteAZ the Deep Elf Fire Elementalist began the quest for
                  | the Orb.
     0 | D:1      | Reached XP level 1. HP: 10/10 MP: 6/6
   178 | D:1      | Reached XP level 2. HP: 15/15 MP: 5/8
   592 | D:1      | Reached skill level 4 in Fire Magic
   694 | D:1      | Reached XP level 3. HP: 19/19 MP: 5/10
  1315 | D:2      | Found a faded altar of an unknown god.
  1418 | D:2      | Found an opulent altar of Gozag.
  1494 | D:2      | Found a shimmering blue altar of Sif Muna.
  1498 | D:2      | Reached XP level 4. HP: 24/24 MP: 7/11
  1865 | D:3      | Noticed Robin
  1880 | D:3      | Killed Robin
  2120 | D:3      | Reached skill level 5 in Fire Magic
  2131 | D:3      | Reached XP level 5. HP: 28/28 MP: 10/13
  2283 | D:3      | Noticed Jessica
  2287 | D:3      | Killed Jessica
  2862 | D:3      | Found a shattered altar of Ashenzari.
  3112 | D:3      | Found a basalt altar of Yredelemnul.
  3296 | D:4      | Learned a level 4 spell: Sticky Flame
  3352 | D:4      | Noticed a phantom
  3366 | D:4      | Killed a phantom
  3366 | D:4      | Reached XP level 6. HP: 33/33 MP: 6/15
  3374 | D:4      | Found a staircase to the Ecumenical Temple.
  3399 | D:4      | Reached skill level 1 in Fighting
  3467 | Temple   | Entered the Ecumenical Temple
  3653 | Temple   | Became a worshipper of Vehumet
  3717 | D:4      | Reached skill level 5 in Spellcasting
  3954 | D:4      | Found a blossoming altar of Fedhas.
  4108 | D:4      | Reached skill level 6 in Fire Magic
  4271 | D:4      | Reached XP level 7. HP: 38/38 MP: 12/16
  4484 | D:5      | Entered Level 5 of the Dungeon
  4484 | D:5      | Found a burning altar of Makhleb.
  4552 | D:5      | Found Cuuhid's Distillery.
  4658 | D:5      | Found a sand-covered staircase.
  4709 | Ossuary  | Entered an ossuary
  5037 | Ossuary  | Reached * piety under Vehumet
  5037 | Ossuary  | Offered knowledge of Freeze by Vehumet.
  5615 | D:5      | Found Nairodim's General Store.
  5672 | D:5      | Reached skill level 7 in Fire Magic
  5704 | D:5      | Offered knowledge of Shock by Vehumet.
  5710 | D:5      | Reached ** piety under Vehumet
  5798 | D:5      | Reached XP level 8. HP: 44/44 MP: 14/19
  5803 | D:5      | Found Ziargheik's Antique Weapon Shop.
  5830 | D:5      | Found Icralei's Assorted Antiques.
  5854 | D:5      | Bought a shiny lead wand for 84 gold pieces
  6146 | D:5      | Found Ciux's Magic Scroll Boutique.
  6153 | D:5      | Bought a scroll of identify for 28 gold pieces
  6153 | D:5      | Bought a scroll of teleportation for 42 gold pieces
  6571 | D:6      | Hit by a boomerang thrown by an orc warrior

Levels and vault maps discovered:
D:1:      dpeg_arrival_ternary, layout_basic, minmay_split_cup_large
D:2:      layout_basic, lemuel_crystal_altar, chequers_ecumenical_altar_twisty,
          chequers_decorated_corner, grunt_gozag_statues
D:3:      layout_loops_ring, yredelemnul_forgotten_temple_becter,
          ashenzari_conservatory_becter, serial_forest,
          infiniplex_forest_lined_2, infiniplex_forest_lined_ring,
          infiniplex_forest_straight_2, infiniplex_forest_end_3,
          infiniplex_forest_corner_1, infiniplex_forest_clump_double,
          infiniplex_forest_lined_corner, kennysheep_doodads, uniq_robin,
          uniq_jessica
D:4:      layout_loops_corners, kennysheep_mini, minmay_temple_entry_ruins,
          grunt_ministairs_8
D:5:      layout_loops_cross, nicolae_overflow_hidden_temple, serial_shops,
          shop, shop, nicolae_shop_crystal, nicolae_shop_statue_plus,
          kennysheep_little_box, lightli_ossuary_entry_decrepit_ruins,
          first_ration
D:6:      layout_basic, grunt_temple_overflow_open
Temple:   minmay_temple_bridge_abc

Skill      XL: |  1  2  3  4  5  6  7 |
---------------+----------------------+-----
Fire Magic     | 4 5 6 7 |  7.5
Conjurations   | 2 3 4 |  4.5
Spellcasting   | 4 5 6 |  6.4
Dodging        | 3 4 |  4.8
Fighting       | 1 2 |  2.6
Stealth        | |  2.4

Action                   |  1- 3 |  4- 6 |  7- 9 || total
-------------------------+-------+-------+-------++-------
Melee: Unarmed           |     2 |       |       ||     2
       Hunting sling     |     5 |     1 |       ||     6
       Short sword       |     1 |       |       ||     1
       Dagger            |       |    21 |    63 ||    84
 Fire: Hunting sling     |     5 |       |       ||     5
 Cast: Foxfire           |    74 |   115 |   137 ||   326
  Use: Scroll            |     3 |     1 |       ||     4
       Potion            |       |     5 |       ||     5
 Stab: Sleeping          |       |       |     4 ||     4
  Eat: Chunk             |     2 |     8 |     3 ||    13
       Ration            |       |       |     1 ||     1
Armor: Robe              |     3 |     2 |     9 ||    14
       Skin              |       |     6 |       ||     6
Dodge: Dodged            |    11 |    19 |    50 ||    80
       Deflected         |     1 |     1 |     2 ||     4

Table legend:
 A = Non-vault XP
 B = Vault XP
 C = Vault XP percentage of total XP
 D = Non-vault monster count
 E = Vault monster count
 F = Vault count percentage of total count
                 A         B        C        D         E       F
            +---------+---------+-------+---------+---------+-------
      Total |    1488 |     319 |  17.7 |     110 |      57 |  34.1
            +---------+---------+-------+---------+---------+-------
        D:1 |      56 |       4 |   6.7 |      30 |       4 |  11.8
        D:2 |      58 |       0 |   0.0 |      20 |       0 |   0.0
        D:3 |      92 |      75 |  44.9 |      19 |      14 |  42.4
        D:4 |     440 |      13 |   2.9 |       9 |       1 |  10.0
        D:5 |     721 |       0 |   0.0 |      29 |       0 |   0.0
        D:6 |     121 |       0 |   0.0 |       3 |       0 |   0.0
    Ossuary |       0 |     227 | 100.0 |       0 |      38 | 100.0
            +---------+---------+-------+---------+---------+-------
